 Dungeon Crawl Stone Soup version 0.19.4-8-ga85b6b9 (console) character file.

19 Grinner the Changer (level 2, -2/14 HPs)
             Began as a Spriggan Transmuter on Feb 13, 2017.
             Slain by a goblin
             ... wielding a +0 dagger
             ... led by Robin
              (4 damage)
             ... on level 2 of the Dungeon.
             The game lasted 00:01:21 (973 turns).

Grinner the Changer (Spriggan Transmuter)            Turns: 973, Time: 00:01:22

Health: -2/14      AC:  2    Str:  6    XL:     2   Next: 55%
Magic:  6/6        EV: 18    Int: 14    God:
Gold:   60         SH:  0    Dex: 16    Spells: 1 memorised, 5 levels left

rFire  . . .     SeeInvis +       - Unarmed
rCold  . . .     Gourm    .     b - +0 robe
rNeg   . . .     Faith    .     (shield restricted)
rPois  .         Spirit   .     (helmet restricted)
rElec  .         Reflect  .     (no cloak)
rCorr  .         Harm     .     (gloves unavailable)
MR     .....                    (boots unavailable)
Stlth  +.........               (no amulet)
                                (no ring)
                                (no ring)

@: appendage (expiring), very quick
A: unfitting armour, talons 3, see invisible, herbivore 3, speed 3, slow
metabolism 2
a: End Transformation


You were on level 2 of the Dungeon.
You were not hungry.
You had grown temporary talons.
You visited 1 branch of the dungeon, and saw 2 of its levels.

You collected 60 gold pieces.

Inventory:

Missiles
 a - 12 arrows
Armour
 b - a +0 robe (worn)
Scrolls
 f - a scroll of remove curse {unknown}
 g - a scroll of fog {unknown}
 h - a scroll of identify {unknown}
 k - a scroll of enchant armour {unknown}
 n - a scroll of fear {unknown}
Potions
 e - a potion of mutation {unknown}
 j - a potion of flight {unknown}
 l - 2 potions of haste {unknown}
 m - a potion of lignification {unknown}
Books
 c - a book of Changes

   Spells                             Type                      Level
   a - Beastly Appendage              Transmutation                1
   b - Sticks to Snakes               Transmutation                2
   c - Spider Form                    Transmutation/Poison         3
   d - Ice Form                       Ice/Transmutation            4
   e - Blade Hands                    Transmutation                5
Comestibles
 d - a bread ration
 i - a slice of pizza


   Skills:
 - Level 0.7 Fighting
 - Level 3.0 Dodging
 * Level 3.0 Unarmed Combat
 + Level 2.8 Spellcasting
 + Level 3.1 Transmutations


You had 5 spell levels left.
You knew the following spells:

 Your Spells              Type           Power        Failure   Level  Hunger
z - Beastly Appendage     Tmut           ##....       10%         1    #......


Dungeon Overview and Level Annotations

Branches:
Dungeon (2/15)

Altars:

Annotations:
D:2 Robin


Innate Abilities, Weirdness & Mutations

You are very small and have problems with some larger weapons.
You are too small for most types of armour.
You have supernaturally acute eyesight. (SInv)
You are a herbivore.
You cover ground extremely quickly.
You need consume almost no food.
You have claws for feet.


Message History

A goblin comes into view.
You barely miss the goblin.
The goblin shouts!
You claw the goblin.
The goblin is severely wounded.
The goblin misses you.
Robin roars a battlecry!
The goblin goes into a battle-frenzy!
The goblin misses you.
You closely miss the goblin.
The goblin is severely wounded.
The goblin barely misses you. x2
You barely miss the goblin.
The goblin is severely wounded.
The goblin barely misses you. The goblin completely misses you.
Robin's horned helmet rattles.
You closely miss the goblin.
The goblin is severely wounded.
The goblin hits you with a dagger.
You die...

#.#### ####.#
#....# #.####
#.# #.# #.#
#.###########g
#....g@gggggg.
##############


You could see Robin, a hobgoblin and 6 goblins.

Vanquished Creatures
  A dart slug (D:1)
  A leopard gecko (D:1)
  A bat (D:1)
  A giant cockroach (D:1)
  4 goblins
  2 hobgoblins (D:1)
  2 frilled lizards (D:1)
  3 rats (D:1)
15 creatures vanquished.

Notes
Turn   | Place    | Note
-------+----------+-------------------------------------------
     0 | D:1      | Grinner the Spriggan Transmuter began the quest for the Orb.
     0 | D:1      | Reached XP level 1. HP: 9/9 MP: 5/5
   440 | D:1      | Reached XP level 2. HP: 14/14 MP: 4/6
   958 | D:2      | Noticed Robin
   973 | D:2      | Slain by a goblin

Skill      XL: |  1  2 |
---------------+-------+-----
Transmutations | 3 |  3.1
Unarmed Combat | 3 |  3.0
Fighting       | |  0.7
Dodging        | |  3.0
Spellcasting   | |  2.8

Action                   || total
-------------------------++-------
Melee: Unarmed           ||    60
       Kick              ||     6
       Headbutt          ||     3
       Punch             ||     1
 Cast: Beastly Appendage ||    12
 Stab: Sleeping          ||     2
Armor: Robe              ||     8
Dodge: Dodged            ||    31
